Map: Acropolis LE

Players

Mez - Winner!

  • Race: Terran Terran
  • League: Master
  • Spawn Location: 11:00

Saint

  • Race: Terran Terran
  • League: Master
  • Spawn Location: 5:00

VOD

Have the link to the VOD?

Description

Time

  • Played on: Sept. 5, 2019, 6:13 a.m.
  • Length: 9:23
Show
View Real Time Build Order
Export as new Build Order

Mez Terran - Winner!

Build Orders: Gas First Reaper Expand, Liberator Opening 

Get SALT Encoding   

  12  0:00  SCV  
  13  0:12  SCV  
  14  0:17  Supply Depot  
  14  0:24  SCV  
  14  0:28  Refinery  
  15  0:38  SCV  
  16  0:45  Barracks  
  16  0:51  SCV  
  17  1:03  SCV  
  18  1:15  SCV  
  19  1:33  Orbital Command, Reaper  
  20  1:45  Command Center  
  20  1:58  Factory  
  20  2:09  Barracks Reactor  
  20  2:11  SCV  
  21  2:16  Supply Depot  
  20  2:24  Refinery  
  20  2:26  SCV  
  21  2:38  SCV  
  22  2:50  Hellion x2  
  26  2:52  Starport, Barracks Tech Lab  
  26  3:00  Orbital Command  
  26  3:12  Marauder  
  28  3:18  Hellion x2  
  32  3:25  Concussive Shells  
  32  3:29  Medivac  
  32  3:33  Marauder  
  36  3:41  Hellion x2  
  40  3:48  SCV  
  40  3:49  SCV  
  40  3:52  Supply Depot  
  42  3:56  Liberator  
  42  4:00  SCV  
  42  4:01  SCV  
  44  4:14  SCV x2  
  44  4:15  Supply Depot  
  44  4:17  Cyclone  
  41  4:48  SCV x2  
  41  4:49  Marine, Cyclone  
  41  4:50  Marine  
  44  5:02  Command Center  
  44  5:06  SCV x2  
  46  5:07  Marine  
  46  5:12  Starport Reactor  
  47  5:14  Barracks  
  47  5:17  Barracks  
  47  5:18  SCV x2  
  42  5:36  SCV x2  
  42  5:38  Marine x2  
  46  5:44  Refinery  
  46  5:46  Supply Depot, Refinery  
  46  5:48  SCV x2  
  45  5:58  Starport Reactor  
  45  6:10  SCV x2  
  47  6:13  Barracks x2  
  47  6:14  Engineering Bay  
  47  6:15  Orbital Command  
  47  6:16  Engineering Bay  
  47  6:17  Marine x3  
  47  6:18  Marine  
  52  6:19  Stimpack  
  52  6:24  SCV x2  
  53  6:25  Factory Tech Lab  
  53  6:29  Supply Depot  
  53  6:35  Marine  
  53  6:36  Medivac x2  
  53  6:38  Marine x3  
  53  6:39  Marauder  
  63  6:43  Terran Infantry Weapons Level 1  
  63  6:44  Orbital Command  
  63  6:49  Terran Infantry Armor Level 1  
  63  6:51  Siege Tank  
  63  6:53  SCV x2  
  68  6:58  Marine x4  
  68  7:00  Marauder  
  74  7:05  Barracks Tech Lab x2  
  74  7:08  SCV x2  
  76  7:11  SCV  
  76  7:13  Medivac  
  76  7:14  Medivac  
  81  7:20  SCV x2  
  83  7:25  Combat Shield  
  83  7:26  Supply Depot x2  
  83  7:28  Siege Tank  
  86  7:30  SCV  
  86  7:32  SCV x2  
  89  7:38  Marauder x2  
  93  7:47  Marine x4, SCV x2  
  93  7:48  SCV, Marauder  
  102  7:52  Supply Depot  
  102  7:53  Supply Depot  
  102  7:56  Refinery  
  102  7:58  Marine  
  102  7:59  SCV  
  102  8:01  Marauder  
  106  8:09  SCV x2  
  106  8:12  SCV  
  109  8:13  Supply Depot  
  109  8:14  Marauder, Supply Depot  
  111  8:21  Marine x3, SCV x2, Marauder  
  111  8:22  Siege Tank, Marauder  
  111  8:23  Medivac  
  125  8:34  Refinery  
  125  8:35  SCV x2  
  125  8:37  Armory  
  125  8:39  Supply Depot  
  117  9:02  Marine  
  112  9:04  Marine x3  
  112  9:08  SCV x2  
  122  9:13  Command Center  
Show
View Real Time Build Order
Export as new Build Order

Saint Terran 

Build Orders: Mech 

Get SALT Encoding   

  12  0:02  SCV  
  14  0:14  SCV  
  14  0:17  Supply Depot  
  14  0:26  SCV  
  15  0:28  Refinery  
  15  0:39  SCV  
  16  0:45  Barracks  
  16  0:51  SCV  
  16  0:56  Refinery  
  17  1:03  SCV  
  18  1:15  SCV  
  19  1:35  Factory  
  19  1:38  Orbital Command, Reaper  
  20  1:48  Supply Depot  
  20  2:04  SCV  
  21  2:10  Reaper  
  22  2:22  SCV  
  23  2:23  Hellion  
  25  2:31  Command Center  
  25  2:34  SCV  
  26  2:43  Reaper  
  27  2:46  Supply Depot  
  27  2:47  Hellion  
  27  2:50  SCV  
  30  3:02  SCV  
  30  3:04  Starport  
  31  3:10  Factory Tech Lab  
  31  3:14  SCV  
  31  3:19  Refinery  
  32  3:23  Barracks Tech Lab  
  32  3:26  SCV  
  33  3:31  Cyclone  
  36  3:39  SCV  
  37  3:47  Orbital Command  
  37  3:51  Raven  
  37  3:53  SCV  
  40  4:03  Cyclone  
  40  4:05  SCV  
  44  4:14  Supply Depot  
  44  4:15  SCV  
  45  4:30  Command Center  
  40  4:36  Cyclone  
  31  4:49  Raven  
  31  4:50  SCV x2  
  32  5:02  SCV  
  32  5:03  SCV  
  34  5:08  Cyclone  
  36  5:14  SCV  
  36  5:15  SCV  
  38  5:25  Barracks Reactor  
  38  5:27  SCV x2  
  40  5:39  SCV x2  
  39  5:51  Siege Tank, SCV x2  
  39  5:54  Orbital Command  
  44  6:03  SCV  
  44  6:04  SCV  
  46  6:15  SCV  
  46  6:16  SCV  
  46  6:17  Factory  
  48  6:19  Factory, Refinery  
  48  6:24  Siege Tank  
  51  6:27  SCV x2  
  51  6:28  SCV  
  54  6:39  SCV x2  
  56  6:40  Viking  
  56  6:44  Supply Depot  
  56  6:45  Supply Depot  
  56  6:46  Supply Depot, Viking  
  60  6:49  Barracks Reactor  
  60  6:52  SCV x2  
  60  6:54  SCV  
  66  7:01  Siege Tank  
  66  7:04  SCV x2  
  68  7:11  SCV  
  68  7:15  Refinery  
  69  7:16  SCV  
  69  7:18  SCV  
  69  7:20  Viking x2  
  75  7:23  SCV  
  76  7:30  SCV x2  
  76  7:33  Siege Tank  
  76  7:34  Hellion x2  
  76  7:35  Refinery  
  76  7:36  SCV  
  86  7:42  SCV x2  
  88  7:46  Supply Depot  
  88  7:48  SCV, Supply Depot  
  88  7:49  Engineering Bay  
  88  7:50  Supply Depot  
  89  7:51  Armory  
  89  7:52  Armory  
  89  7:54  SCV x2  
  91  8:00  SCV  
  92  8:06  SCV x2  
  92  8:12  SCV  
  95  8:18  SCV  
  95  8:19  Siege Tank, SCV  
  103  8:20  Siege Tank, Hellion x2  
  103  8:23  Viking  
  103  8:24  SCV, Viking  
  112  8:31  SCV x2  
  114  8:37  Supply Depot  
  114  8:38  Supply Depot x3, Sensor Tower  
Tags
 
Add a new tag
Caveats
  • Supply blocks, unpowered buildings, or Contaminate may cause inaccurate times.
  • Supply counts are checked every 10 seconds.